 Dungeon Crawl Stone Soup version 0.29-a0-837-g174bc33265 (webtiles) character file.

Game seed: 16939278640379236692

816 27snakeeyes612 the Cudgeller (level 7, -1/105 HPs)
             Began as a Troll Berserker on July 13, 2022.
             Was an Elder of Trog.
             Slain by a gnoll
             ... wielding a +3 halberd
              (11 damage)
             ... on level 4 of the Dungeon.
             The game lasted 00:04:18 (2735 turns).

27snakeeyes612 the Cudgeller (Troll Berserker)      Turns: 2735, Time: 00:04:18

Health: -1/105     AC:  4    Str: 28    XL:     7   Next: 62%
Magic:  6/6        EV: 10    Int:  3    God:    Trog [****..]
Gold:   266        SH:  0    Dex:  9    Spells: 6/6 levels left

rFire   . . .      SeeInvis .     - Unarmed
rCold   . . .      Faith    .   (no shield)
rNeg    . . .      Spirit   .   b - +0 animal skin
rPois   .          Reflect  .   (helmet restricted)
rElec   .          Harm     .   (no cloak)
rCorr   .          Rampage  .   (gloves unavailable)
Will    .....                   (boots unavailable)
Stlth   ..........              (no amulet)
HPRegen 1.07/turn               (no ring)
MPRegen 0.10/turn               (no ring)

@: berserking, very quick
A: large, unfitting armour, claws 3, regeneration 1, shaggy fur 1, tough skin 1
a: Renounce Religion, Berserk, Trog's Hand, Brothers in Arms


You were on level 4 of the Dungeon.
You worshipped Trog.
Trog was greatly pleased with you.
You visited 1 branch of the dungeon, and saw 4 of its levels.

You collected 266 gold pieces.

Inventory:

Hand Weapons
 a - a +0 mace
 n - a +0 morningstar
Armour
 b - a +0 animal skin (worn)
 c - the +10 tower shield of Ignorance {rN+ Int-4}
   (You acquired it on level 4 of the Dungeon)

   Int:       It affects your intelligence (-4).
   rN:        It protects you from negative energy.
Scrolls
 d - a scroll of magic mapping
 k - a scroll of brand weapon {unknown}
 m - a scroll of enchant armour {unknown}
 o - 4 scrolls of teleportation {unknown}
Potions
 i - a potion of degeneration
 j - 2 potions of heal wounds
 l - 3 potions of curing
 p - 2 potions of attraction
 q - a potion of flight
 r - a potion of haste {unknown}
 s - a potion of mutation {unknown}


   Skills:
 + Level 4.0 Fighting
 + Level 4.4 Maces & Flails
 + Level 3.2 Throwing
 + Level 4.0 Dodging
 + Level 3.4 Unarmed Combat


You had 6 spell levels left.
You didn't know any spells.
Your spell library was empty.

Dungeon Overview and Level Annotations

Branches:
Dungeon (4/15)             Temple (0/1) D:4

Altars:
Dithmenos
Makhleb
Wu Jian
Xom


Innate Abilities, Weirdness & Mutations

You are too large for most types of armour.
You have claws for hands.
Your natural rate of healing is unusually fast.
You are covered in fur. (AC +1)
You have tough skin. (AC +1)


Message History

You claw the gnoll!
The gnoll is severely wounded.
The gnoll hits you with a +3 halberd! The gnoll misses you.
You scratch the gnoll.
The gnoll is severely wounded.
The gnoll hits you with a +3 halberd! The gnoll closely misses you.
The gnoll hits you from afar with a +0 spear.
You are too injured to fight recklessly!
You are too injured to fight recklessly!
You are too injured to fight recklessly!
You are too injured to fight recklessly!
You are too injured to fight recklessly!
You are too injured to fight recklessly!
You are too injured to fight recklessly!
You are too injured to fight recklessly!
You are too injured to fight recklessly!
You are too injured to fight recklessly!
You are too injured to fight recklessly!
You are too injured to fight recklessly!
You are too injured to fight recklessly!
You are too injured to fight recklessly!
The gnoll attacks as you move away! The gnoll misses you.
The gnoll attacks as you move away! The gnoll barely misses you.
The gnoll hits you from afar with a +3 halberd!
* * * LOW HITPOINT WARNING * * *
A red film seems to cover your vision as you go berserk!
You feel yourself moving faster!
You feel mighty! The gnoll barely misses you. The gnoll completely misses you.
You feel a strong urge to attack something.
The gnoll closely misses you. The gnoll barely misses you.
You claw the gnoll!
The gnoll is almost dead.
The gnoll hits you with a +3 halberd!
* * * LOW HITPOINT WARNING * * *
The gnoll hits you with a +0 spear.
* * * LOW HITPOINT WARNING * * *
You closely miss the gnoll.
The gnoll is almost dead.
The gnoll closely misses you. The gnoll hits you with a +3 halberd!
You die...

##,* #..# #.,* #.##
##.### #.# #....# #.#
#....# #.# #....#####
#.#
#........########.###
#..gg###..#..........
####@#*##............
#g.# ###..........
##.# #.........[. *.#
#.#.........
*.#**#.#.........
*.#,,#.#.......<.
*.+,.#.#.########
*#####.#.# #.#.#


You could see 3 gnolls.

Vanquished Creatures
  The ghost of megeza the Trooper, an amateur OgBe of Trog (D:3)
  Eustachio (D:4)
  A centaur (D:4)
  A bullfrog (D:4)
  A necrophage (D:4)
  2 jellies (D:4)
  Natasha (thrice) (D:2)
  An iguana (D:4)
  5 adders
  3 worms
  4 dart slugs
  9 orcs
  11 endoplasms
  5 giant cockroaches
  4 goblins
  6 hobgoblins
  5 quokkas
  12 ball pythons
  3 bats (D:2)
  7 frilled lizards
  11 kobolds
  8 rats
104 creatures vanquished.

Vanquished Creatures (others)
  A plant (D:4)
1 creature vanquished.

Grand Total: 105 creatures vanquished

Notes
Turn   | Place    | Note
-------+----------+-------------------------------------------
     0 | D:1      | 27snakeeyes612 the Troll Berserker began the quest for the
                  | Orb.
     0 | D:1      | Reached XP level 1. HP: 22/22 MP: 0/0
   115 | D:1      | Reached XP level 2. HP: 29/29 MP: 1/1
   268 | D:1      | Found a faded altar of an unknown god.
   519 | D:1      | Reached ** piety under Trog
   523 | D:1      | Reached XP level 3. HP: 32/36 MP: 2/2
   664 | D:2      | Reached skill level 1 in Unarmed Combat
   736 | D:2      | Reached skill level 1 in Throwing
   904 | D:2      | Noticed Natasha
   907 | D:2      | Reached XP level 4. HP: 44/44 MP: 3/3
   926 | D:2      | Killed Natasha
  1117 | D:2      | Noticed Natasha
  1121 | D:2      | Killed Natasha
  1144 | D:2      | Noticed Natasha
  1148 | D:2      | Killed Natasha
  1149 | D:2      | Reached XP level 5. HP: 41/53 MP: 4/4
  1662 | D:3      | Reached *** piety under Trog
  1751 | D:3      | Found a runed translucent door.
  1751 | D:3      | Noticed megeza's ghost (amateur OgBe)
  1761 | D:3      | Found a burning altar of Makhleb.
  1763 | D:3      | Noticed a green death
  1793 | D:3      | Killed megeza's ghost
  1794 | D:3      | Reached XP level 6. HP: 61/61 MP: 5/5
  1834 | D:3      | Found a shadowy altar of Dithmenos.
  1915 | D:3      | Found an ornate altar of the Wu Jian Council.
  2472 | D:4      | Identified a scroll of acquirement
  2472 | D:4      | Acquired the +10 tower shield of Ignorance {rN+ Int-4}
  2472 | D:4      | Found the +10 tower shield of Ignorance {rN+ Int-4}
  2487 | D:4      | Found a staircase to the Ecumenical Temple.
  2526 | D:4      | Found a shimmering altar of Xom.
  2591 | D:4      | Reached XP level 7. HP: 55/66 MP: 6/6
  2594 | D:4      | Noticed Eustachio
  2632 | D:4      | Reached **** piety under Trog
  2640 | D:4      | Killed Eustachio
  2735 | D:4      | Slain by a gnoll

Illustrated notes

Levels and vault maps discovered:
D:1:      dpeg_arrival_arbitrary_c, layout_basic, basic_ecumenical_altar,
          minmay_lizard_pond
D:2:      minmay_skewed_foursquare, layout_loops_ring,
          nicolae_elevator_lobby_asterisk, uniq_natasha
D:3:      layout_basic, mainiacjoe_overflow_brackets, makhleb_altar_promises_db,
          mainiacjoe_overflow_surrounded_room, hellmonk_ghost_happy_afterlife,
          hex_medium, minmay_goblin_kobold_house
D:4:      layout_rooms, lemuel_crystal_altar, marbit_many_paths,
          gammafunk_temple_overflow_forgotten, corexii_checkpoint_a,
          minmay_manual_monstrance, uniq_eustachio

Skill      XL: |  1  2  3  4  5  6  7 |
---------------+----------------------+-----
Maces & Flails | 3 4 |  4.4
Unarmed Combat | 1 2 3 |  3.4
Throwing       | 1 2 3 |  3.2
Dodging        | 3 4 |  4.0
Fighting       | 3 4 |  4.0

Action                   |  1- 3 |  4- 6 |  7- 9 || total
-------------------------+-------+-------+-------++-------
Melee: Unarmed           |    95 |   148 |    43 ||   286
       Mace              |     9 |       |       ||     9
       Punch             |     2 |       |     2 ||     4
Invok: Berserk           |       |     1 |     2 ||     3
  Use: Scroll            |       |    10 |       ||    10
 Stab: Sleeping          |       |     1 |       ||     1
Armor: Animal skin       |    37 |    38 |     8 ||    83
Dodge: Dodged            |    52 |    67 |    21 ||   140

Table legend: (Time is in decaauts)
 A = Elapsed time spent in this place.
 B = Non-inter-level travel time spent in this place.
 C = Inter-level travel time spent in this place.
 D = Time resting spent in this place.
 E = Time spent auto-exploring this place.
 F = Levels seen in this place.
 G = Mean time per level.
                   A        B        C        D        E       F      G
               +--------+--------+--------+--------+--------+-----+--------+
         Total |   2758 |   2668 |     90 |     27 |   1921 |   4 |  689.5 |
       Dungeon |   2758 |   2668 |     90 |     27 |   1921 |   4 |  689.5 |
               +--------+--------+--------+--------+--------+-----+--------+

Top non-repeatable levels by time:
     D:2: 972 daAuts
     D:3: 821 daAuts
     D:1: 629 daAuts
     D:4: 335 daAuts
